 Dungeon Crawl Stone Soup version 0.21.1-1-g345015f (webtiles) character file.

198 iamserjio the Sneak (level 5, -3/38 HPs)
             Began as an Octopode Monk on Apr 4, 2018.
             Was a Believer of Makhleb.
             Slain by Duvessa
             ... wielding a +0 rapier
              (8 damage)
             ... on level 4 of the Dungeon.
             The game lasted 00:20:32 (3705 turns).

iamserjio the Sneak (Octopode Monk)                 Turns: 3705, Time: 00:20:33

Health: -3/38      AC:  2    Str: 10    XL:     5   Next: 77%
Magic:  5/5        EV: 15    Int: 12    God:    Makhleb [**....]
Gold:   183        SH:  0    Dex: 16    Spells: 4/4 levels left

rFire    . . .     SeeInvis .   a - +0 spear
rCold    . . .     Gourm    .   (no shield)
rNeg     . . .     Faith    .   t - +1 hat
rPois    .         Spirit   .   j - amulet of magic regeneration
rElec    .         Reflect  .   f - ring of protection from magic
rCorr    .         Harm     .   (no ring)
MR       +....                  (no ring)
Stlth    ++++......             (no ring)
HPRegen  0.12/turn              (no ring)
MPRegen  0.34/turn              (no ring)
                                (no ring)
                                (no ring)

@: no status effects
A: almost no armour, stealthy swim, amphibious, 8 rings, constrict 8, camouflage
1, gelatinous body 1
a: Minor Destruction, Renounce Religion


You were on level 4 of the Dungeon.
You worshipped Makhleb.
Makhleb was pleased with you.
You were hungry.

You visited 1 branch of the dungeon, and saw 4 of its levels.

You collected 183 gold pieces.

Inventory:

Hand Weapons
 a - a +0 spear (weapon)
 c - a +0 halberd
 e - a +0 hunting sling
 q - a +2 dagger of speed
 x - a +0 blowgun
Missiles
 d - 70 stones (quivered)
 l - 59 poisoned needles
 s - 18 sling bullets
Armour
 t - a +1 hat (worn)
Jewellery
 f - a ring of protection from magic (left tentacle)
 j - an amulet of magic regeneration (around mantle)
Wands
 r - a wand of flame (30)
Scrolls
 h - a scroll of magic mapping {unknown}
 k - a scroll of identify {unknown}
 m - 2 scrolls of teleportation {unknown}
 o - 2 scrolls of amnesia {unknown}
 u - 2 scrolls of random uselessness {unknown}
 v - 2 scrolls of immolation {unknown}
 w - a scroll of enchant weapon {unknown}
 y - a scroll of fear {unknown}
 A - a scroll of fog {unknown}
Potions
 i - 4 potions of degeneration {unknown}
 n - 2 potions of heal wounds {unknown}
 p - a potion of might {unknown}
 z - a potion of brilliance {unknown}
Comestibles
 b - 7 rations
 g - 8 chunks of flesh


   Skills:
 + Level 4.3 Fighting
 - Level 3.1 Polearms
 + Level 4.3 Dodging
 + Level 4.9 Stealth


You had 4 spell levels left.
You didn't know any spells.

Dungeon Overview and Level Annotations

Branches:
Dungeon (4/15)
 Temple: D:4-7

Altars:
Ashenzari
Dithmenos
Makhleb
The Shining One

Annotations:
D:4 Duvessa


Innate Abilities, Weirdness & Mutations

You cannot wear most types of armour.
You are very stealthy in the water. (Stealth+)
You are amphibious.
You can wear up to eight rings at the same time.
You can use your tentacles to constrict eight enemies at once.
Your skin changes colour to match your surroundings (Stealth+).
Your rubbery body absorbs attacks. (AC +1, EV +1)


Message History

Duvessa hits you with a rapier!
You hit Duvessa but do no damage. You squeeze Duvessa!
Duvessa is moderately wounded.
You constrict Duvessa, but do no damage.
Duvessa hits you with a rapier.
You hit Duvessa but do no damage. You squeeze Duvessa, but do no damage.
Duvessa is moderately wounded.
You constrict Duvessa. Duvessa hits you with a rapier.
* * * LOW HITPOINT WARNING * * *
You release your grip on Duvessa.
Aiming: Throw Flame
Press: ? - help, Shift-Dir - straight line, f/p - Duvessa
Aim: Duvessa, wielding a rapier and wearing a ring mail (moderately wounded)
The puff of flame hits Duvessa.
Duvessa appears unharmed.
Duvessa is moderately wounded.
Duvessa hits you with a rapier.
* * * LOW HITPOINT WARNING * * *
Duvessa says, "Beauty is only skin deep, and my weapons penetrate much further than that."
Duvessa hits you with a rapier!
You die...

#######
################.....#########
#.......#......#.....#........
#.......#......#.....'........
#.......#......#.....#........
#.......#......#.....#........
####'####......#.e...#...[....
#......##......#@....#........
#..............#.....#.r......
#......##......#.....####.##..
#......##......#........#+# #+
#......'.......#........#
#......##......#........#
#......##......#........#
'......#.......#........#
.......##.....##........##+##


You could see Duvessa.

Vanquished Creatures
  An orc wizard (D:3)
  4 adders
  3 gnolls (D:3)
  A worm (D:2)
  3 dart slugs
  2 leopard geckos (D:1)
  2 orcs (D:3)
  A ball python (D:1)
  4 giant cockroaches
  11 goblins
  17 hobgoblins
  14 jackals
  8 kobolds
  2 quokkas (D:3)
  5 bats
  4 frilled lizards
  4 rats (D:3)
86 creatures vanquished.

Notes
Turn   | Place    | Note
-------+----------+-------------------------------------------
     0 | D:1      | iamserjio the Octopode Monk began the quest for the Orb.
     0 | D:1      | Reached XP level 1. HP: 16/16 MP: 1/1
    30 | D:1      | Reached XP level 2. HP: 20/21 MP: 2/2
   368 | D:1      | Reached XP level 3. HP: 24/26 MP: 3/3
   658 | D:1      | Found a glowing golden altar of the Shining One.
  1281 | D:2      | Reached XP level 4. HP: 29/32 MP: 4/4
  2904 | D:3      | Reached XP level 5. HP: 37/37 MP: 5/5
  2969 | D:3      | Found a shadowy altar of Dithmenos.
  3055 | D:3      | Found a burning altar of Makhleb.
  3055 | D:3      | Found a shattered altar of Ashenzari.
  3321 | D:3      | Became a worshipper of Makhleb the Destroyer
  3321 | D:3      | Reached * piety under Makhleb
  3321 | D:3      | Reached ** piety under Makhleb
  3683 | D:4      | Noticed Duvessa
  3705 | D:4      | Slain by Duvessa

Skill      XL: |  1  2  3  4 |
---------------+-------------+-----
Stealth        | 3 4 |  4.9
Fighting       | 4 |  4.3
Dodging        | 4 |  4.3
Polearms       | |  3.1

Action                   |  1- 3 |  4- 6 || total
-------------------------+-------+-------++-------
Melee: Spear             |    84 |    99 ||   183
       Constrict         |    28 |    29 ||    57
       Tentacles         |    23 |    25 ||    48
 Fire: Blowgun           |       |    16 ||    16
Evoke: Wand              |       |     1 ||     1
  Use: Potion            |       |     3 ||     3
 Stab: Sleeping          |     7 |    12 ||    19
  Eat: Chunk             |     1 |     7 ||     8
Armor: Skin              |     8 |     6 ||    14
Dodge: Dodged            |    54 |    46 ||   100
